AoeStats
← Schlenkerla23

MegaRandom

509867734Analyzed
2v2 RM · 5d ago on Sep 28, 2026· 33m 31s· 4 players
Game mode
Random Map
Map size
Medium (4 player)
Population
200
Speed
Normal
Resources
Standard
Victory
Conquest
Starting age
Dark Age
Ending age
Imperial Age
RankedLock teamsTeams togetherTeam positionsShared explorationLock speedFull tech treeHidden civsTurbo modeCheats
Victory
Defeat
🇿🇦 Danes · South Africa
1193
+10
🇿🇦 Varangians · South Africa
1193
+10
🇩🇪 Mongols · Germany
1085
-10
🇩🇪 Danes · Germany
1050
-10
AdventureKlaus
4:21 Loom
13:28 Feudal Age
13:56 Double-Bit Axe
13:52 Horse Collar
14:09 Town Watch
15:03 Wheelbarrow
16:24 Fletching
18:30 Stone Mining
24:01 Castle Age
22:58 Forging
24:03 Gold Mining
25:58 Bow Saw
25:53 Heavy Plow
31:13 Bodkin Arrow
32:51 Hand Cart
33:14 Nomads
Schlenkerla23
8:21 Loom
13:01 Feudal Age
14:35 Double-Bit Axe
21:21 Castle Age
22:33 Bow Saw
22:04 Horse Collar
24:21 Arson
26:38 Scale Mail Armor
27:27 Squires
30:24 Chain Mail Armor
32:13 Forging
fridgeroo
10:55 Loom
10:59 Loom
11:03 Loom
14:10 Feudal Age
17:38 Double-Bit Axe
20:15 Castle Age
22:16 Horse Collar
29:21 Bow Saw
30:19 Scale Mail Armor
30:23 Pikeman
32:09 Squires
Vindicatio
4:58 Loom
12:52 Feudal Age
18:35 Castle Age
20:06 Scale Barding Armor
20:56 Bloodlines
27:33 Forging
30:18 Chain Barding Armor
Connection lost

Rejoining the realm…

Still unreachable

The connection could not be restored.

Session expired

The server has moved on; the page needs a fresh start.